AoeStats
← zack

Black Forest

514032733Analyzed
4v4 RM · 1mo ago on Oct 16, 2026· 34m 5s· 8 players
Game mode
Random Map
Map size
Large (8 player)
Population
200
Speed
Normal
Resources
Standard
Victory
Conquest
Starting age
Dark Age
Ending age
Imperial Age
RankedLock teamsTeams togetherTeam positionsShared explorationLock speedFull tech treeHidden civsTurbo modeCheats
Victory
Defeat
🇫🇷 Khmer · France
1248
+12
🇫🇷 Japanese · France
1215
+13
🇨🇳 Wei · China
1205
+14
🇪🇸 Persians · Spain
1180
+15
vs
🇦🇺 Bohemians · Australia
1215
-16
🇦🇺 Dravidians · Australia
1180
-14
🇨🇳 Khmer · China
1124
-12
🇨🇳 Britons · China
1113
-12
FURIOUSPAKO
10:32 Feudal Age
10:56 Double-Bit Axe
17:01 Castle Age
15:04 Horse Collar
15:39 Stone Mining
16:14 Loom
17:46 Bow Saw
19:04 Heavy Plow
18:58 Gold Mining
24:10 Wheelbarrow
25:44 Forging
25:40 Scale Barding Armor
27:08 Town Watch
27:42 Bloodlines
28:24 Chain Barding Armor
30:55 Iron Casting
30:38 Hand Cart
36:21 Imperial Age
34:00 Fletching
34:45 Husbandry
Rebi69
12:14 Feudal Age
12:46 Double-Bit Axe
12:42 Horse Collar
14:48 Loom
19:06 Castle Age
19:12 Scale Barding Armor
19:19 Bloodlines
20:15 Husbandry
23:09 Ballistics
22:56 Gold Mining
22:57 Stone Mining
23:34 Redemption
28:04 Pikeman
29:34 Bow Saw
30:28 Stone Mining
31:26 Murder Holes
33:33 Wheelbarrow
33:42 Stone Shaft Mining
33:13 Man-at-Arms
33:39 Arson
34:11 Town Watch
zack
11:03 Feudal Age
11:51 Double-Bit Axe
15:45 Castle Age
13:28 Horse Collar
17:28 Bow Saw
18:40 Wheelbarrow
18:25 Heavy Plow
22:12 Gold Mining
23:05 Scale Barding Armor
27:10 Hand Cart
26:41 Town Watch
27:57 Stone Mining
31:17 Imperial Age
28:36 Loom
29:07 Bloodlines
28:58 Husbandry
30:09 Gold Shaft Mining
30:10 Stone Shaft Mining
30:01 Treadmill Crane
31:07 Chain Barding Armor
30:58 Forging
31:41 Heavy Hei Guang Cavalry
33:16 Crop Rotation
33:09 Conscription
33:16 Ming Guang Armor
SokaR
6:10 Loom
9:14 Feudal Age
9:18 Man-at-Arms
9:56 Double-Bit Axe
10:08 Arson
21:29 Castle Age
23:15 Bow Saw
24:36 Fletching
31:03 Wheelbarrow
31:33 Gold Mining
31:40 Stone Mining
33:27 Elite Skirmisher
34:13 Thumb Ring
35:01 Gold Shaft Mining
3122521604
1:54 Loom
11:48 Feudal Age
12:23 Horse Collar
12:30 Double-Bit Axe
18:05 Castle Age
18:05 Gold Mining
19:20 Bloodlines
31:00 Imperial Age
Money Lin
10:11 Feudal Age
15:24 Castle Age
14:36 Horse Collar
16:10 Double-Bit Axe
25:11 Caravan
27:41 Wheelbarrow
27:50 Pikeman
28:49 Squires
29:03 Forging
28:54 Scale Mail Armor
31:45 Imperial Age
29:34 Hand Cart
31:51 Halberdier
33:30 Iron Casting
BrokeMate
8:16 Loom
11:08 Feudal Age
15:47 Castle Age
15:13 Fletching
16:23 Double-Bit Axe
24:52 Wheelbarrow
26:19 Bow Saw
27:56 Horse Collar
29:16 Gold Mining
30:55 Bodkin Arrow
31:31 Padded Archer Armor
35:03 Imperial Age
32:43 Thumb Ring
33:17 Ballistics
Bananananna8
0:45 Loom
11:43 Feudal Age
19:23 Castle Age
27:55 Double-Bit Axe
32:31 Bow Saw
32:06 Horse Collar
Connection lost

Rejoining the realm…

Still unreachable

The connection could not be restored.

Session expired

The server has moved on; the page needs a fresh start.